 Dungeon Crawl Stone Soup version 0.29-a0-22-gbf593b16ee (webtiles) character file.

Game seed: 5256077005185446233

67 issech the Cudgeller (level 4, 0/44 HPs)
             Began as a Troll Monk on Jan 29, 2022.
             Slain by a goblin (2 damage)
             ... led by Robin
             ... on level 2 of the Dungeon.
             The game lasted 00:03:56 (1287 turns).

issech the Cudgeller (Troll Monk)                   Turns: 1287, Time: 00:03:58

Health: 0/44       AC:  4    Str: 19    XL:     4   Next: 0%
Magic:  3/3        EV: 10    Int:  6    God:
Gold:   59         SH:  0    Dex: 14    Spells: 3/3 levels left

rFire   . . .      SeeInvis .   a - +0 mace
rCold   . . .      Faith    .   (no shield)
rNeg    . . .      Spirit   .   b - +0 robe
rPois   .          Reflect  .   (helmet restricted)
rElec   .          Harm     .   (no cloak)
rCorr   .          Rampage  .   (gloves unavailable)
Will    .....                   (boots unavailable)
Stlth   ++........              (no amulet)
HPRegen 0.94/turn               (no ring)
MPRegen 0.08/turn               (no ring)

@: no status effects
A: large, unfitting armour, claws 3, regeneration 1, shaggy fur 1, tough skin 1
a: no special abilities


You were on level 2 of the Dungeon.
You visited 1 branch of the dungeon, and saw 2 of its levels.

You collected 59 gold pieces.

Inventory:

Hand Weapons
 a - a +0 mace (weapon)
Missiles
 c - 80 stones (quivered)
 e - 5 boomerangs
 i - 39 bolts
 j - 5 poisoned darts
 k - 16 sling bullets
Armour
 b - a +0 robe (worn)
Scrolls
 d - a scroll of vulnerability {unknown}
 f - a scroll of blinking {unknown}
 g - a scroll of teleportation {unknown}
Potions
 h - a potion of mutation {unknown}


   Skills:
 + Level 2.9 Fighting
 + Level 3.5 Maces & Flails
 + Level 2.9 Dodging
 + Level 1.1 Stealth


You had 3 spell levels left.
You didn't know any spells.
Your spell library was empty.

Dungeon Overview and Level Annotations

Branches:
Dungeon (2/15)

Altars:

Annotations:
D:2 Robin


Innate Abilities, Weirdness & Mutations

You are too large for most types of armour.
You have claws for hands.
Your natural rate of healing is unusually fast.
You are covered in fur. (AC +1)
You have tough skin. (AC +1)


Message History

The goblin hits you but does no damage. The goblin hits you with a +0 club.
You closely miss the goblin. The goblin barely misses you.
The goblin hits you with a +0 club.
The goblin shouts! x2
You sock the goblin!
You kill the goblin!
You hear a shout!
The goblin hits you with a +0 club.
You hit the goblin.
The goblin is moderately wounded.
Robin throws the goblin at you! The goblin hits you with a +0 club. x2
The goblin hits you with a +0 dagger. The goblin closely misses you.
The goblin barely misses you. The goblin closely misses you.
The goblin hits you with a +0 club.
You sock the goblin!
You kill the goblin!
The goblin hits you but does no damage. The goblin hits you with a +0 club.
The goblin hits you but does no damage.
A goblin comes into view. It is wielding a +0 club.
You have reached level 4!
Robin misses you. The goblin hits you with a +0 club.
Items here: )) ††.
You barely miss Robin. Robin hits you with a +0 spear.
* * * LOW HITPOINT WARNING * * *
The goblin hits you with a +0 club.
* * * LOW HITPOINT WARNING * * *
The goblin misses you.
You hit Robin.
Robin is lightly wounded.
Robin hits you with a +0 spear.
* * * LOW HITPOINT WARNING * * *
The goblin hits you with a +0 club.
* * * LOW HITPOINT WARNING * * *
You hit Robin.
Robin is heavily wounded.
The goblin no longer looks unusually strong.
The goblin barely misses you. x2; The goblin hits you with a +0 club.
* * * LOW HITPOINT WARNING * * *
The goblin closely misses you. x2; The goblin hits you with a +0 club.
You die...

########.##.#########..##
##.# #.##.# ###.###.##
#.##.# ##.#..# #.##.#
##.#.# #.##.# ###.#.#
#.##.##### #...#.####
#........# #.........
###.####g## #...######
#.# #g@g# ##.## #.# ##g##
#.# #.# #g# #.# #.# #.#
#.# # #.# #.# #.# # #.#
#.# #.####### #.#
#.......# #.# ##.###....
##........#


You could see Robin and 4 goblins.

Vanquished Creatures
  A gnoll (D:1)
  2 dart slugs (D:1)
  A worm (D:2)
  5 bats
  5 endoplasms (D:2)
  4 giant cockroaches
  8 goblins
  6 hobgoblins (D:1)
  4 jackals (D:1)
  A quokka (D:2)
  A ball python (D:1)
  2 frilled lizards
  4 kobolds (D:1)
  2 rats
46 creatures vanquished.

Notes
Turn   | Place    | Note
-------+----------+-------------------------------------------
     0 | D:1      | issech the Troll Monk began the quest for the Orb.
     0 | D:1      | Reached XP level 1. HP: 22/22 MP: 0/0
    93 | D:1      | Reached XP level 2. HP: 29/29 MP: 1/1
   334 | D:1      | Reached skill level 3 in Maces & Flails
   415 | D:1      | Reached XP level 3. HP: 36/36 MP: 2/2
  1277 | D:2      | Noticed Robin
  1284 | D:2      | Reached XP level 4. HP: 21/44 MP: 3/3
  1287 | D:2      | HP: 2/44 [goblin[Robin] (3)]
  1287 | D:2      | Slain by a goblin

Illustrated notes

Levels and vault maps discovered:
D:1:      amcnicky_arrival_blooded_trapdoor, layout_loops_ring,
          amcnicky_mini_corridor_feature, grunt_decor_fettered,
          chequers_serial_rivers_micro_a
D:2:      layout_loops_ring, minmay_box_of_dots, uniq_crazy_yiuf_cottage,
          uniq_robin

Skill      XL: |  1  2 |
---------------+-------+-----
Maces & Flails | 3 |  3.5
Fighting       | |  2.9
Dodging        | |  2.9
Stealth        | |  1.1

Action                   |  1- 3 |  4- 6 || total
-------------------------+-------+-------++-------
Melee: Mace              |   119 |     3 ||   122
       Punch             |     1 |       ||     1
 Stab: Sleeping          |     3 |       ||     3
Armor: Robe              |    47 |       ||    47
Dodge: Dodged            |    85 |     6 ||    91

Table legend: (Time is in decaauts)
 A = Elapsed time spent in this place.
 B = Non-inter-level travel time spent in this place.
 C = Inter-level travel time spent in this place.
 D = Time resting spent in this place.
 E = Time spent auto-exploring this place.
 F = Levels seen in this place.
 G = Mean time per level.
                   A        B        C        D        E       F      G
               +--------+--------+--------+--------+--------+-----+--------+
         Total |   1316 |   1316 |      0 |      0 |    591 |   2 |  658.0 |
       Dungeon |   1316 |   1316 |      0 |      0 |    591 |   2 |  658.0 |
               +--------+--------+--------+--------+--------+-----+--------+

Top non-repeatable levels by time:
     D:1: 681 daAuts
     D:2: 635 daAuts
